 Dungeon Crawl Stone Soup version 0.19-a0-1168-g98094fc (webtiles) character file.

1985 HaroldButt the Archer (level 9, -5/58 HPs)
             Began as a High Elf Hunter on Aug 15, 2016.
             Was a Follower of Okawaru.
             Slain by an ogre
             ... wielding a +0 giant spiked club
              (21 damage)
             ... on level 7 of the Dungeon.
             The game lasted 00:35:49 (6803 turns).

HaroldButt the Archer (High Elf Hunter)             Turns: 6803, Time: 00:35:49

Health: -5/58      AC:  9    Str: 14    XL:     9   Next: 1%
Magic:  10/10      EV: 15    Int: 16    God:    Okawaru [*.....]
Gold:   393        SH:  0    Dex: 16    Spells: 0 memorised, 8 levels left

rFire  . . .     SeeInvis .     b - +0 long sword
rCold  . . .     Gourm    .     n - +0 ring mail
rNeg   . . .     Faith    .     (no shield)
rPois  .         Spirit   .     (no helmet)
rElec  .         Dismiss  .     (no cloak)
rCorr  +         Reflect  .     (no gloves)
MR     .....     Harm     .     g - +2 pair of boots
Stlth  +.........               (no amulet)
                                z - ring of resist corrosion
                                (no ring)

@: no status effects
A: no striking features
a: Heroism, Renounce Religion


You were on level 7 of the Dungeon.
You worshipped Okawaru.
Okawaru was aware of your devotion.
You were hungry.

You visited 2 branches of the dungeon, and saw 8 of its levels.

You collected 393 gold pieces.


   Skills:
 - Level 4.0 Fighting
 + Level 6.9 Long Blades
 - Level 8.0 Bows
 - Level 4.1 Armour
 - Level 7.8 Dodging
 - Level 1.1 Stealth


You had 8 spell levels left.
You didn't know any spells.

Inventory:

Hand Weapons
 a - a +2 shortbow
 b - a +0 long sword (weapon)
Missiles
 d - 100 arrows
 e - 4 curare-tipped needles {=f}
Armour
 g - a +2 pair of boots (worn)
 m - a +0 chain mail
 n - a +0 ring mail (worn)
 r - a +0 plate armour
Jewellery
 z - a ring of resist corrosion (right hand)
Wands
 x - a wand of iceblast (8/15)
Scrolls
 h - 3 scrolls of recharging
 j - 2 scrolls of remove curse
 l - a scroll of enchant armour
 p - a scroll of identify {@r1}
 q - a scroll of amnesia
 s - a scroll of fear
 t - a scroll of immolation {!r}
 u - a scroll of fog {unknown}
 v - 2 scrolls of enchant weapon
 y - a scroll of blinking
Potions
 i - 2 potions of curing {@q1}
 o - a potion of ambrosia
 A - a potion of flight
Books
 c - a book of Clouds

   Spells                             Type                      Level
   a - Mephitic Cloud                 Conjuration/Poison/Air       3
   b - Conjure Flame                  Conjuration/Fire             3
   c - Poisonous Cloud                Conjuration/Poison/Air       6
   d - Freezing Cloud                 Conjuration/Ice/Air          6
   e - Ring of Flames                 Charms/Fire                  7
Comestibles
 f - 8 bread rations
 k - 4 meat rations
 w - 9 chunks of flesh

Dungeon Overview and Level Annotations

Branches:
Dungeon (7/15)             Temple (1/1) D:6

Altars:
Okawaru
Pakellas
Qazlal
Ru
Sif Muna
Yredelemnul

Annotations:
D:2 stuff in room need digging

▒▒▒▒▒▒▒ ▒.....▒ ▒.....▒
.....▒ ▒▒▒▒▒▒ ▒...▒
▒▒....▒▒▒...▒▒▒▒▒▒▒
▒......▒e...▒.....▒▒
▒.....{O...†.......▒
▒▒▒▒▒▒▒▒▒▒...▒▒▒▒▒▒▒▒......▒
.▒...▒..▒▒...▒▒▒▒..▒▒.....▒▒
.....'...▒....)....▒▒▒▒▒▒▒▒
.....▒...†..)......▒
....▒▒..▒▒▒..▒▒....▒
▒▒..▒▒..▒ ▒..▒ ▒▒▒▒▒
▒▒▒'▒▒...▒.....


You could see an ogre.


Message History

The ogre closely misses you.
A sky beast comes into view.
Okay, then.
You barely miss the ogre.
The ogre is lightly wounded.
The ogre closely misses you.
You slash the ogre!
The ogre is moderately wounded.
You closely miss the ogre.
The ogre is moderately wounded.
The ogre closely misses you.
You hit the ogre.
The ogre is moderately wounded.
The ogre hits you with a giant spiked club!!
You closely miss the ogre.
The ogre is moderately wounded.
You slash the ogre!
The ogre is severely wounded.
The ogre hits you with a giant spiked club!
* * * LOW HITPOINT WARNING * * *
The sky beast flickers out of sight!
Deactivating autopickup; reactivate with Ctrl-A.
You barely miss the ogre.
The ogre is severely wounded.
The ogre hits you with a giant spiked club!
* * * LOW HITPOINT WARNING * * *
You hit the ogre.
The ogre is severely wounded.
The ogre hits you with a giant spiked club!!
You die...

Action                   |  1- 3 |  4- 6 |  7- 9 || total
-------------------------+-------+-------+-------++-------
Melee: Short sword       |    69 |    52 |    14 ||   135
       Falchion          |       |       |   119 ||   119
       Long sword        |       |       |   313 ||   313
 Fire: Shortbow          |    51 |   147 |    73 ||   271
  Use: Scroll            |       |    14 |     4 ||    18
       Potion            |       |       |     6 ||     6
  Eat: Pizza             |     1 |       |       ||     1
       Chunk             |       |     5 |    11 ||    16
       Beef jerky        |       |       |     1 ||     1
Armor: Leather armour    |    29 |    34 |    22 ||    85
       Ring mail         |       |       |   106 ||   106
       Skin              |       |       |    14 ||    14
Dodge: Dodged            |    69 |    75 |   247 ||   391

Vault maps used:
D:1:      enne_arrival_octagon_isle
D:2:      first_bread, due_unseen_surprise
D:3:      old_standard_altar, gammafunk_pakellas_cloud_experiment
D:5:      uniq_edmund, uniq_pikel, uniq_blork_the_orc
D:6:      nicolae_ru_the_path_less_chosen
D:7:      evilmike_ruin_ashenzari
Temple:   eino_wide_crystal_templ

Notes
Turn   | Place    | Note
-------+----------+-------------------------------------------
     0 | D:1      | HaroldButt the High Elf Hunter began the quest for the Orb.
     0 | D:1      | Reached XP level 1. HP: 14/14 MP: 2/2
   433 | D:1      | Reached XP level 2. HP: 19/19 MP: 3/3
   466 | D:1      | Reached skill level 6 in Bows
   621 | D:1      | You fall through a shaft!
   798 | D:2      | Reached XP level 3. HP: 21/24 MP: 4/4
  1117 | D:2      | Reached skill level 7 in Bows
  1448 | D:2      | Reached XP level 4. HP: 16/29 MP: 5/5
  1856 | D:3      | Found a deep blue altar of Sif Muna.
  1876 | D:3      | Reached skill level 8 in Bows
  1930 | D:3      | Reached XP level 5. HP: 9/35 MP: 6/6
  2228 | D:3      | Found an oddly glowing altar of Pakellas.
  2228 | D:3      | Noticed an ice dragon
  2255 | D:3      | Killed an ice dragon
  2291 | D:3      | Reached skill level 3 in Fighting
  2618 | D:4      | Reached skill level 4 in Fighting
  2714 | D:4      | Noticed an ogre
  2719 | D:4      | Killed an ogre
  2719 | D:4      | Reached skill level 2 in Armour
  2719 | D:4      | Reached XP level 6. HP: 32/43 MP: 7/7
  2918 | D:4      | Reached skill level 3 in Armour
  3060 | D:4      | Reached skill level 4 in Armour
  3060 | D:4      | Reached XP level 7. HP: 36/48 MP: 8/8
  3465 | D:5      | Entered Level 5 of the Dungeon
  3527 | D:5      | Reached skill level 3 in Dodging
  3563 | D:5      | Noticed Blork the orc
  3595 | D:5      | Killed Blork the orc
  3888 | D:5      | Reached skill level 4 in Dodging
  4122 | D:5      | Noticed Pikel
  4603 | D:6      | Reached skill level 5 in Dodging
  4724 | D:6      | Found a sacrificial altar of Ru.
  4863 | D:6      | Found a staircase to the Ecumenical Temple.
  4880 | Temple   | Entered the Ecumenical Temple
  4888 | Temple   | Became a worshipper of Warmaster Okawaru
  5450 | D:6      | Killed Pikel
  5450 | D:6      | Reached skill level 7 in Dodging
  5450 | D:6      | Reached XP level 8. HP: 48/54 MP: 9/9
  5518 | D:5      | Reached skill level 1 in Long Blades
  5723 | D:5      | Reached skill level 2 in Long Blades
  5941 | D:5      | Noticed Edmund
  5988 | D:5      | Killed Edmund
  5988 | D:5      | Reached * piety under Okawaru
  5988 | D:5      | Reached skill level 4 in Long Blades
  6266 | D:5      | Reached skill level 5 in Long Blades
  6592 | D:7      | Reached skill level 6 in Long Blades
  6702 | D:7      | Reached XP level 9. HP: 41/58 MP: 10/10
  6803 | D:7      | Slain by an ogre

Vanquished Creatures
  Pikel (D:6)
  Edmund (D:5)
  3 slaves
  2 phantoms (D:5)
  An ogre (D:4)
  Blork the orc (D:5)
  3 giant frogs
  5 howler monkeys
  A crimson imp (D:6)
  A quasit (D:7)
  A giant frog zombie (D:4)
  2 hounds
  An orc priest (D:5)
  An orc wizard (D:7)
  A centaur skeleton (D:6)
  4 iguanas
  3 worker ants
  A hound zombie (D:6)
  9 gnolls
  11 adders
  4 oozes
  3 adder skeletons
  3 worms
  3 dart slugs
  3 giant geckos
  10 orcs
  5 giant cockroaches
  5 goblins
  5 hobgoblins
  13 jackals
  3 quokkas
  8 bats
  A giant gecko skeleton (D:7)
  3 giant newts
  7 kobolds
  3 rats
132 creatures vanquished.

Vanquished Creatures (others)
  An ice dragon (D:3)
1 creature vanquished.

Grand Total: 133 creatures vanquished
